 Dungeon Crawl Stone Soup version 0.25-a0-786-g5b70d41e48 (webtiles) character file.

Game seed: 3857667259545405037, levelgen mode: deterministic

2368 Maedhros the Sneak (level 9, 0/58 HPs)
             Began as an Octopode Artificer on Apr 18, 2020.
             Was a High Priest of Cheibriados.
             Splashed by a jelly's acid (10 damage)
             ... on level 7 of the Dungeon.
             The game lasted 00:24:10 (5313 turns).

Maedhros the Sneak (Octopode Artificer)             Turns: 5313, Time: 00:24:13

Health: 0/58       AC: -3    Str: 22    XL:     9   Next: 44%
Magic:  14/14      EV: 14    Int: 24    God:    Cheibriados [*****.]
Gold:   454        SH:  7    Dex: 27    Spells: 8/8 levels left

rFire    + . .     SeeInvis +     - Unarmed
rCold    . . .     Gourm    .   A - +0 buckler
rNeg     . . .     Faith    .   (helmet restricted)
rPois    .         Spirit   .   (no amulet)
rElec    .         Reflect  .   y - ring of see invisible
rCorr    .         Harm     .   b - ring of protection from fire
MR       .....                  a - ring of stealth
Stlth    ++++++....             (no ring)
HPRegen  0.19/turn              (no ring)
MPRegen  0.14/turn              (no ring)
                                (no ring)
                                (no ring)

@: corroded, very slow
A: almost no armour, stealthy swim, amphibious, 8 rings, constrict 8, camouflage
1, gelatinous body 1
a: Bend Time, Temporal Distortion, Slouch, Step From Time, Renounce Religion


You were on level 7 of the Dungeon.
You worshipped Cheibriados.
Cheibriados was extremely pleased with you.
You were hungry.

You visited 2 branches of the dungeon, and saw 9 of its levels.
You also visited: Sewer.

You collected 454 gold pieces.

Inventory:

Hand Weapons
 s - a +2 dagger of draining
Missiles
 i - a throwing net
 p - 11 boomerangs (quivered)
 z - 6 javelins
Armour
 n - a +0 kite shield
 A - a +0 buckler (worn)
Jewellery
 a - a ring of stealth (on tentacle)
 b - a ring of protection from fire (right tentacle)
 d - an uncursed ring of fire
 y - a ring of see invisible (left tentacle)
Wands
 c - a wand of enslavement (4)
 t - a wand of polymorph (17)
Scrolls
 g - 3 scrolls of amnesia
 h - 3 scrolls of remove curse
 j - 2 scrolls of enchant armour {unknown}
 l - a scroll of random uselessness {unknown}
 r - 3 scrolls of enchant weapon
 w - 3 scrolls of magic mapping {unknown}
Potions
 e - 3 potions of heal wounds
 m - 4 potions of curing
 o - 3 potions of might
 q - 2 potions of flight {unknown}
 u - 3 potions of stabbing
 v - 2 potions of brilliance
 x - a potion of ambrosia {unknown}
Comestibles
 f - 10 rations


   Skills:
 + Level 4.0 Fighting
 - Level 1.0 Short Blades
 - Level 2.0 Dodging
 + Level 7.8 Stealth
 + Level 3.9 Shields
 * Level 7.7 Unarmed Combat
 + Level 6.7 Evocations


You had 8 spell levels left.
You didn't know any spells.
Your spell library contained the following spells:

 Spells                   Type           Power        Failure   Level  Hunger
 Confusing Touch          Hex            #.......     41%         3    ####...
 Gell's Gravitas          Tloc           #.........   41%         3    ####...
 Petrify                  Tmut/Erth      #.......     82%         4    #####..
 Metabolic Englaciation   Hex/Ice        #.........   99%         5    ######.
 Yara's Violent Unravell  Hex/Tmut       #.........   99%         5    ######.


Dungeon Overview and Level Annotations

Branches:
Dungeon (8/15)             Temple (1/1) D:4           Sewer (visited)
   Lair: D:8-11

Altars:
Ashenzari
Cheibriados
Fedhas
Hepliaklqana
Kikubaaqudgha
Makhleb
Nemelex Xobeh
Okawaru
Qazlal
Ru
Sif Muna
Trog
Uskayaw
Wu Jian
Zin
The Shining One

Shops:
D:5 =


Innate Abilities, Weirdness & Mutations

You cannot wear most types of armour.
You are very stealthy in the water. (Stealth+)
You are amphibious.
You can wear up to eight rings at the same time.
You can use your tentacles to constrict eight enemies at once.
Your skin changes colour to match your surroundings (Stealth+).
Your rubbery body absorbs attacks. (AC +1, EV +1)


Message History

* * * LOW HITPOINT WARNING * * *
You squeeze the jelly, but do no damage.
The jelly is lightly wounded.
You block the jelly's attack.
You barely miss the jelly. You squeeze the jelly.
The jelly is moderately wounded.
You block the jelly's attack.
You tentacle-slap the jelly. The acid corrodes you!
Your tentacles burn!
* * * LOW HITPOINT WARNING * * *
You squeeze the jelly, but do no damage.
The jelly is heavily wounded.
You block the jelly's attack.
You tentacle-slap the jelly.
Your tentacles burn!
* * * LOW HITPOINT WARNING * * *
You squeeze the jelly!
The jelly is almost dead.
The jelly hits you.
* * * LOW HITPOINT WARNING * * *
You are splashed with acid!
You die...

...+......#...#..>..........#....
...#......#...'.............#....
####<.....#####.............#....
.....######...########'######....
....†# #......(................
.....# #.......................
.....# #...................[...
.....# #.......................
.....# .......@................
.....### ####.##J#######..##...##
........ .. .........#..#######
........ .. .........#.... #.
........ ..........+ .. #.
........ ...........# #. ........
..(.........# #. ........
.............########## #####...
#...............


You could see a jelly.

Vanquished Creatures
  A hungry ghost (D:7)
  Menkaure (D:6)
  An ice beast (D:8)
  A sky beast (D:7)
  An ogre (D:6)
  A black bear (D:7)
  2 centaurs
  A big kobold (Sewer)
  2 bullfrogs
  A gnoll sergeant (D:7)
  A wyvern zombie (D:6)
  2 scorpions
  2 killer bees (D:8)
  A bullfrog zombie (D:6)
  2 crimson imps (D:6)
  A centaur zombie (D:7)
  A hound (D:8)
  2 centaur skeletons
  3 orc priests
  A bullfrog skeleton (D:6)
  5 orc wizards
  An iguana (D:7)
  3 worker ants
  A hound skeleton (D:7)
  A howler monkey zombie (D:5)
  Robin (D:2)
  12 gnolls
  6 river rats
  13 adders
  2 oozes
  An adder zombie (D:8)
  4 worms
  6 leopard geckos
  18 orcs
  7 ball pythons
  5 bats
  4 giant cockroaches
  13 goblins
  9 hobgoblins
  9 jackals
  2 quokkas (D:2)
  A ball python zombie (D:5)
  8 frilled lizards
  A giant cockroach zombie (D:5)
  19 kobolds
  28 rats
208 creatures vanquished.

Vanquished Creatures (collateral kills)
  A big kobold (Sewer)
  An orc priest (D:6)
  An orc wizard (D:6)
  An iguana (D:6)
  2 gnolls (D:6)
  A howler monkey skeleton (D:6)
  A worm (D:4)
  3 leopard geckos
  3 orcs (D:6)
  A jackal (D:8)
  2 kobolds (Sewer)
  A quokka skeleton (D:8)
18 creatures vanquished.

Grand Total: 226 creatures vanquished

Notes
Turn   | Place    | Note
-------+----------+-------------------------------------------
     0 | D:1      | Maedhros the Octopode Artificer began the quest for the
                  | Orb.
     0 | D:1      | Reached XP level 1. HP: 13/13 MP: 3/3
    80 | D:2      | Noticed Robin
   156 | D:2      | Reached skill level 1 in Unarmed Combat
   156 | D:2      | Reached XP level 2. HP: 12/18 MP: 4/4
   431 | D:3      | Reached XP level 3. HP: 20/23 MP: 5/5
   591 | D:4      | Found a sparkling altar of Nemelex Xobeh.
   593 | D:4      | Found a stormy altar of Qazlal.
   779 | D:4      | Reached XP level 4. HP: 8/28 MP: 6/6
   811 | D:4      | Noticed a sky beast
   961 | D:5      | Entered Level 5 of the Dungeon
  1106 | D:5      | Reached XP level 5. HP: 33/33 MP: 8/8
  1229 | D:5      | Found Wuhiqus's Jewellery Emporium.
  1338 | D:5      | Found a glowing drain.
  1354 | D:5      | Reached XP level 6. HP: 22/38 MP: 9/9
  1373 | Sewer    | Entered a sewer
  2330 | D:4      | Found a staircase to the Ecumenical Temple.
  2339 | Temple   | Entered the Ecumenical Temple
  2349 | Temple   | Became a worshipper of Cheibriados the Contemplative
  2964 | D:2      | Reached skill level 5 in Evocations
  2984 | D:2      | Killed Robin
  2984 | D:2      | Reached XP level 7. HP: 28/43 MP: 10/10
  2989 | D:2      | Reached skill level 5 in Stealth
  3090 | D:2      | Reached * piety under Cheibriados
  3519 | D:3      | Noticed Sigmund
  3548 | D:3      | Noticed Sigmund
  3548 | D:3      | Sigmund changed into Sigmund the river rat
  3559 | D:3      | Killed Sigmund the river rat
  3559 | D:3      | Reached skill level 5 in Unarmed Combat
  3566 | D:3      | Reached ** piety under Cheibriados
  3818 | D:3      | Reached skill level 1 in Shields
  3904 | D:6      | Noticed Menkaure
  3917 | D:6      | Reached *** piety under Cheibriados
  3919 | D:6      | Killed Menkaure
  4058 | D:6      | Reached XP level 8. HP: 6/50 MP: 12/12
  4399 | D:6      | Reached **** piety under Cheibriados
  4415 | D:6      | Found a burning altar of Makhleb.
  4801 | D:7      | Reached XP level 9. HP: 57/57 MP: 13/13
  5190 | D:8      | Reached ***** piety under Cheibriados
  5313 | D:7      | Splashed by a jelly's acid

Levels and vault maps discovered:
D:1:      matt_arrival_los_fun, layout_basic
D:2:      layout_basic, serial_forest, infiniplex_forest_corner_2,
          infiniplex_forest_straight_2, infiniplex_forest_zigzag_1,
          infiniplex_forest_straight_4, infiniplex_forest_end_2,
          infiniplex_forest_end_2, infiniplex_forest_straight_4,
          infiniplex_forest_clump_long, kennysheep_generic_room_6, uniq_robin
D:3:      layout_basic, minmay_diced_spiral, uniq_sigmund, uniq_grinder
D:4:      layout_loops_ring, nicolae_overflow_hidden_temple,
          minmay_temple_entry_poolview, minmay_between
D:5:      layout_gridville, first_ration, serial_shops, shop,
          portal_sewer_entry_b, uniq_pikel
D:6:      layout_basic, lemuel_round_altar, minmay_misc_feat_pillars,
          uniq_menkaure
D:7:      layout_gridville
D:8:      layout_rooms, serial_shops, nicolae_shop_behind_doors,
          kennysheep_generic_room_2
Temple:   nicolae_temple_x_marks_the_god

Skill      XL: |  1  2  3  4  5  6  7  8  9 |
---------------+----------------------------+-----
Stealth        | 2 3 4 5 7 |  7.8
Unarmed Combat | 1 2 3 4 5 7 |  7.7
Evocations     | 4 5 6 |  6.7
Shields        | 1 3 |  3.9
Fighting       | 2 3 4 |  4.0
Short Blades   | |  1.0
Dodging        | |  2.0

Action                   |  1- 3 |  4- 6 |  7- 9 || total
-------------------------+-------+-------+-------++-------
Melee: Short sword       |    47 |    71 |     1 ||   119
       Constrict         |     9 |    48 |    69 ||   126
       Tentacles         |     4 |    24 |    82 ||   110
       Punch             |       |     9 |    22 ||    31
       Dagger            |       |    87 |   124 ||   211
       Unarmed           |       |       |   114 ||   114
Throw: Boomerang         |       |       |     2 ||     2
Evoke: Wand              |     1 |    12 |    17 ||    30
  Use: Scroll            |       |     1 |     8 ||     9
       Potion            |       |       |     8 ||     8
 Stab: Sleeping          |     5 |    12 |    11 ||    28
       Distracted        |       |       |     3 ||     3
  Eat: Chunk             |       |     7 |     5 ||    12
Armor: Skin              |     1 |     9 |    11 ||    21
Dodge: Dodged            |    29 |    80 |   151 ||   260
Block: Kite shield       |       |       |    15 ||    15
       Buckler           |       |       |    12 ||    12

Table legend:
 A = Non-vault XP
 B = Vault XP
 C = Vault XP percentage of total XP
 D = Non-vault monster count
 E = Vault monster count
 F = Vault count percentage of total count
                 A         B        C        D         E       F
            +---------+---------+-------+---------+---------+-------
      Total |    2823 |     561 |  16.6 |     148 |      78 |  34.5
            +---------+---------+-------+---------+---------+-------
        D:1 |      18 |       0 |   0.0 |      11 |       0 |   0.0
        D:2 |      79 |      48 |  37.8 |      20 |      12 |  37.5
        D:3 |     170 |      47 |  21.7 |      35 |       6 |  14.6
        D:4 |      65 |      77 |  54.2 |       6 |       3 |  33.3
        D:5 |     177 |      25 |  12.4 |      11 |       8 |  42.1
        D:6 |     855 |     159 |  15.7 |      33 |       1 |   2.9
        D:7 |     980 |       0 |   0.0 |      17 |       0 |   0.0
        D:8 |     479 |       0 |   0.0 |      15 |       0 |   0.0
      Sewer |       0 |     205 | 100.0 |       0 |      48 | 100.0
            +---------+---------+-------+---------+---------+-------
